AoeStats
← cocolisodon

Hill Fort

505589283Analyzed
4v4 RM · 21d ago on Sep 10, 2026· 57m 59s· 8 players
Game mode
Random Map
Map size
Large (8 player)
Population
200
Speed
Normal
Resources
Standard
Victory
Conquest
Starting age
Dark Age
Ending age
Imperial Age
RankedLock teamsTeams togetherTeam positionsShared explorationLock speedFull tech treeHidden civsTurbo modeCheats
Victory
Defeat
🇨🇴 Mongols · Colombia
1216
+6
🇨🇴 Hindustanis · Colombia
1026
+12
🇨🇴 Bohemians · Colombia
987
+13
🇺🇸 Magyars · United States
874
+17
🇺🇸 Teutons · United States
1027
-17
🇯🇵 Magyars · Japan
968
-13
🇦🇷 Persians · Argentina
870
-10
🇨🇳 Goths · China
839
-8
SirArthurKORT
10:34 Feudal Age
17:18 Castle Age
15:05 Loom
16:36 Stone Mining
17:05 Double-Bit Axe
20:53 Horse Collar
31:35 Gold Mining
37:48 Fletching
40:05 Stone Shaft Mining
43:17 Heavy Plow
48:23 Imperial Age
46:35 Wheelbarrow
45:46 Town Watch
46:42 Bow Saw
50:25 Chemistry
49:45 Ballistics
49:23 Bodkin Arrow
49:28 Padded Archer Armor
51:24 Leather Archer Armor
LWwcnm
10:20 Feudal Age
澜庭室
9:55 Feudal Age
15:49 Castle Age
14:14 Double-Bit Axe
14:56 Horse Collar
31:29 Imperial Age
30:13 Wheelbarrow
29:59 Forging
31:18 Bow Saw
31:04 Gold Mining
31:07 Cavalier
32:32 Bloodlines
32:22 Husbandry
32:48 Heavy Plow
34:27 Iron Casting
33:57 Scale Barding Armor
37:35 Gold Shaft Mining
38:17 Blast Furnace
37:37 Chain Barding Armor
38:15 Hand Cart
39:29 Savar
41:13 Plate Barding Armor
41:41 Conscription
42:11 Kamandaran
42:18 Fletching
42:28 Padded Archer Armor
43:09 Thumb Ring
42:24 Crossbowman
44:31 Two-Man Saw
44:01 Crop Rotation
43:23 Stone Mining
45:33 Bodkin Arrow
45:53 Leather Archer Armor
雷霆半月斩
5:42 Loom
10:35 Feudal Age
11:07 Horse Collar
11:14 Double-Bit Axe
22:22 Castle Age
28:20 Gold Mining
28:43 Bow Saw
28:43 Heavy Plow
33:11 Anarchy
33:06 Stone Mining
35:15 Forging
35:06 Scale Mail Armor
35:52 Wheelbarrow
35:06 Town Watch
35:51 Squires
35:11 Pikeman
39:58 Hand Cart
39:44 Town Patrol
44:38 Imperial Age
44:57 Elite Huskarl
45:38 Perfusion
45:59 Conscription
45:03 Halberdier
46:28 Iron Casting
46:09 Chain Mail Armor
49:08 Blast Furnace
cocolisodon
0:38 Loom
11:59 Feudal Age
15:49 Double-Bit Axe
15:46 Horse Collar
21:15 Castle Age
20:32 Gold Mining
20:33 Stone Mining
22:40 Heavy Plow
22:52 Bow Saw
28:24 Corvinian Army
31:30 Wheelbarrow
30:41 Loom
32:32 Scale Barding Armor
35:50 Imperial Age
33:40 Hand Cart
35:41 Pikeman
36:08 Arson
36:36 Bloodlines
36:27 Husbandry
37:36 Chemistry
37:01 Conscription
41:59 Fletching
50:03 Chain Barding Armor
50:51 Two-Man Saw
49:58 Elite Magyar Huszar
53:42 Crop Rotation
54:08 Plate Barding Armor
53:42 Halberdier
55:32 Scale Mail Armor
sensuy
11:20 Feudal Age
14:26 Bloodlines
19:15 Castle Age
17:24 Double-Bit Axe
20:52 Husbandry
24:56 Loom
25:19 Scale Barding Armor
25:24 Forging
29:01 Wheelbarrow
30:00 Gold Mining
30:47 Chain Barding Armor
31:03 Iron Casting
37:37 Imperial Age
36:34 Gold Shaft Mining
36:11 Bow Saw
37:54 Heavy Camel Rider
39:36 Blast Furnace
39:11 Plate Barding Armor
39:10 Conscription
39:33 Imperial Camel Rider
42:30 Grand Trunk Road
46:55 Hand Cart
47:34 Bow Saw
48:31 Fletching
48:41 Padded Archer Armor
Ansscar
8:59 Feudal Age
10:00 Horse Collar
14:35 Double-Bit Axe
16:50 Scale Barding Armor
19:40 Bloodlines
20:16 Forging
23:12 Castle Age
23:20 Gold Mining
24:28 Husbandry
25:24 Wheelbarrow
24:36 Loom
26:27 Chain Barding Armor
29:55 Stone Mining
31:17 Heavy Plow
32:38 Iron Casting
32:51 Bow Saw
33:22 Gold Shaft Mining
33:50 Stone Shaft Mining
35:49 Hand Cart
35:19 Town Watch
40:42 Imperial Age
40:35 Town Patrol
40:50 Elite Steppe Lancer
40:51 Heavy Camel Rider
42:07 Conscription
43:40 Blast Furnace
44:08 Squires
45:15 Chemistry
44:35 Ballistics
45:18 Scale Mail Armor
46:08 Nomads
51:55 Drill
55:10 Murder Holes
55:25 Fortified Wall
55:22 Siege Engineers
55:27 Masonry
56:52 Light Cavalry
57:53 Chain Mail Armor
57:52 Spies/Treason
Cen7aurus
3:52 Loom
12:52 Feudal Age
22:38 Castle Age
20:50 Horse Collar
22:14 Fletching
30:16 Wagenburg Tactics
36:57 Imperial Age
41:02 Elite Hussite Wagon
42:09 Conscription
Connection lost

Rejoining the realm…

Still unreachable

The connection could not be restored.

Session expired

The server has moved on; the page needs a fresh start.